← All builds
Geo / Armada / Economy first / OBSERVED BUILD

Standard geo

Eco-first Geo build that rushes geothermal power and T2 constructor before transitioning into Starlight-led T2 units for front, the role's baseline play.

Usually blows up the commander for T2 (67%)

#eco #t2 · 749 distinct matches · 110 players · 59% of Armada Geo games · team won 54% of 843 · Recently observed

HOW TO PLAY IT

Key timing: Geothermal Powerplant by 3:26

  1. Open mex and wind into Bot Lab.
  2. Rush geothermal for the early energy spike.
  3. Add Advanced Metal Extractor, then Advanced Geothermal by 7:07.
  4. Bring up Vehicle Plant alongside T2 con for "Starlight" and vehicles.
  5. Funnel "Starlight" and T1 vehicles to front, pay allies with cons and "Lazarus".

Phase by phase

TYPICAL OF ITS 749 GAMES
  1. 1
  2. 2
  3. 3
  4. 4
PLAY THE OPENING

Follow the example game's first 6:00 step by step: what to build now, what comes next, and where it goes. At 1× it keeps pace with your own game.

  1. 1

    Up to the Bot Lab

    Economy
    • Metal Extractor2Mex
    • Wind Turbine4Wind
    Order
    1. Bot LabBot Lab after 2 mex, 4 winddone ~1:11, middle half 0:58–1:22

    By 0:55 in all: 2 mex · 4 wind

    The example game in this phase · 3 steps
    1. Mex ×3
    2. Wind ×4
    3. Bot LabBot Labnot finished by 15:00 · typical 1:11
  2. 2

    Bot Lab to 5:00

    Economy
    • Metal Extractor2Mex
    • Wind Turbine3Wind
    • Energy Converter8Converter
    • Energy Storage1Energy storage
    Order
    1. Geothermal PowerplantGeo after 4 mex, 5 wind, 1 energy storage
    Builders
    • Construction Turret5 Con turret
    • Lazarus4 Lazarus
    • Construction Bot2 Con bot
    • Construction Bot1 Con bot for allies
    • Lazarus1 Lazarus for allies

    By 5:00 in all: 4 mex · 7 wind · 1 geo · 8 converter · 1 energy storage · 5 con turret

    The example game in this phase · 18 steps
    1. Wind ×3
    2. Bot LabBot Labdone 1:40
    3. LazarusLazarus ×2
    4. Construction BotCon botfor Beach sea
    5. TickTick ×2
    6. Construction BotCon bot
    7. LazarusLazarus ×2
    8. LazarusLazarusfor Beach sea
    9. Mex
    10. LazarusLazarus
    11. Mex ×2
    12. Geothermal PowerplantGeodone 4:08 · typical 3:26
    13. Con turret ×2
    14. Energy storage
    15. Con turret ×2
    16. Converter
    17. FalconFighter
    18. StorkLight transportfor Tech
  3. 3

    5:00 to Vehicle Plant

    Order
    1. Advanced Geothermal PowerplantAdvanced Geothermal Powerplant after 8 wind, 10 converter, 6 con turretin 59% of games
    2. Vehicle PlantVehicle Plant after 10 wind, 10 converter, 6 con turretdone ~7:07, middle half 6:41–7:40
    Builders
    • Construction Turret1 Con turret

    Some games also: converter (49%) · wind (48%)

    By 6:59 in all: 4 mex · 10 wind · 1 geo · 1 Advanced Geothermal Powerplant · 10 converter · 1 energy storage

    The example game in this phase · 39 steps
    1. Converter ×2
    2. Con turret
    3. Converter ×3
    4. Construction AircraftCon aircraft
    5. Converter ×3
    6. Con turret ×2
    7. StorkLight transport
    8. Converter ×2
    9. StorkLight transport
    10. Converter
    11. Con turret
    12. Advanced Metal ExtractorT2 mex ×2done 6:12 · typical 5:33
    13. Con turret
    14. StorkLight transport
    15. Con turret ×2
    16. Advanced Metal ExtractorT2 mex
    17. StorkLight transport ×2
    18. Advanced Metal ExtractorT2 mex
    19. Wind
    20. StorkLight transportfor Pond
    21. Wind ×2
    22. StorkLight transportfor Tech
    23. Wind
    24. StorkLight transport
    25. Wind
    26. Advanced Geothermal PowerplantAdvanced Geothermal Powerplantdone 7:31 · typical 7:06
    27. Wind
    28. StorkLight transport
    29. Wind
    30. StorkLight transport
    31. Wind
    32. StorkLight transport
    33. Wind ×6
    34. Advanced Metal ExtractorT2 mex
    35. Wind ×2
    36. Advanced Metal ExtractorT2 mex
    37. Con turret
    38. Advanced Metal ExtractorT2 mex
    39. Vehicle PlantVehicle Plantdone 7:45 · typical 7:07
  4. 4

    Vehicle Plant to 10:00

    Economy
    • Wind Turbine5Wind
    • Energy Converter3Converter
    Order
    1. Advanced Vehicle PlantAdvanced Vehicle Plant after 11 wind, 11 converter, 7 con turret
    Builders
    • Construction Vehicle1 Con vehicle
    Army
    • Starlight2 Starlight
    • Umbra1 Jammer
    • Prophet1 Radar vehicle

    Some games also: con turret (50%) · T2 con vehicle for allies (48%) · Jaguar (31%)

    By 10:00 in all: 4 mex · 20 wind · 1 geo · 1 Advanced Geothermal Powerplant · 16 converter · 1 energy storage

    The example game in this phase · 82 steps
    1. Wind
    2. Construction VehicleCon vehicle
    3. Con turret
    4. Advanced Vehicle PlantAdvanced Vehicle Plantdone 8:36 · typical 8:07
    5. Advanced Metal ExtractorT2 mex
    6. Con turret ×3
    7. StarlightStarlightdone 8:55 · typical 9:02
    8. JunoJuno
    9. Con turret
    10. StarlightStarlight
    11. Con turret
    12. StarlightStarlight
    13. BeamerBeamer
    14. Con turret
    15. JaguarJaguarfor Front
    16. Con turret
    17. JaguarJaguar
    18. StarlightStarlight ×2
    19. Metal storage
    20. StarlightStarlight
    21. Bot LabBot Lab ×3done 10:20
    22. PawnPawn ×3for Front
    23. Con turret ×2
    24. PawnPawn ×3for Front
    25. PawnPawn ×2
    26. PawnPawn ×15for Front
    27. Radar TowerRadar Tower
    28. PawnPawn ×9for Front
    29. Con turret
    30. PawnPawn ×4for Front
    31. Fusion ReactorFusiondone 11:39
    32. PawnPawn ×3for Front
    33. Con turret
    34. PawnPawn ×7for Front
    35. Con turret
    36. PawnPawn ×7for Front
    37. Con turret
    38. LazarusLazarus ×3
    39. PawnPawn ×2for Front
    40. Con turret
    41. PawnPawnfor Front
    42. PawnPawn
    43. PawnPawn ×2for Front
    44. PawnPawn
    45. Con turret
    46. PawnPawn
    47. PawnPawnfor Front
    48. PawnPawn ×2
    49. PawnPawnfor Front
    50. Con turret
    51. PawnPawn ×4for Front
    52. Con turret
    53. PawnPawn ×14for Front
    54. LazarusLazarus ×3
    55. PawnPawn
    56. Vehicle PlantVehicle Plantdone 11:42
    57. StoutStout ×3
    58. BeamerBeamer
    59. StoutStout
    60. BeamerBeamer
    61. StoutStoutfor Front
    62. BeamerBeamer
    63. StoutStoutfor Front
    64. SentrySentry ×2
    65. StoutStoutfor Front
    66. SentrySentry
    67. StoutStout
    68. StoutStout ×3for Front
    69. Fusion ReactorFusion
    70. StoutStout ×3for Front
    71. Con turret ×2
    72. T2 converter
    73. Con turret
    74. StoutStoutfor Front
    75. Con turret
    76. T2 converter
    77. Con turret
    78. T2 converter
    79. Con turret
    80. StoutStout
    81. ChainsawChainsaw ×2
    82. T2 converter

Counts are medians over the build's games: half of them build more, half fewer. The example game is Fruit_'s (41 OS, 26/09/2026); pick another.

Team trades

IN AT LEAST 30% OF ITS GAMES

You hand over

  • Lazarus1 Lazarus to Beach seafirst at 2:16 · in 77% of games
  • Construction Bot1 Con bot to Beach seafirst at 2:30 · in 88% of games
  • Advanced Construction Vehicle1 T2 con vehicle to Suicide front or Frontfirst at 8:52 · in 62% of games

You get

  • Hercules1 Light transport from Airfirst at 4:19 · in 34% of games
  • Advanced Construction Bot1 T2 con bot from Techfirst at 4:48 · in 95% of games

How it plays out

Typical game of this build, running totals by minute

Metal produced

020k40k
0:005:0010:0015:00

metal

Enemy metal destroyed

05k10k15k
0:005:0010:0015:00

metal

Own metal lost

02.5k5k7.5k
0:005:0010:0015:00

metal

843 games.

Show as table
ByMetal produced: This buildEnemy metal destroyed: This buildOwn metal lost: This build
1:0033300
2:0082700
3:00152800
4:00270700
5:00373200
6:00572700
7:00816600
8:0011505021
9:001453251130
10:0017435630320
11:00204162108831
12:002336940291940
13:002613961873295
14:002902585104756
15:0031663103966186
WHAT THE NUMBERS SAY

Standard Geo build dominates the resource numbers, with zero own losses through 10:00 and a huge metal lead by 15:00.

  • + Metal produced hits 31426 by 15:00, highest of all six builds
  • + Own metal lost is 0 by 5:00 and only 334 by 10:00
  • − First Starlight only arrives in 57% of games by 9:19
  • − Advanced geothermal lands in just 69% of games by 7:16
THE EXAMPLE YOU ARE READING

Fruit_

41.0 OS · 26/09/2026

Open source match ↗

39 received units · includes a constructor
3673 metal received · 95394 energy received

Allied construction assistance is unknown. Timings are observations, not a promise of solo reproducibility.

Typical milestones

Bot Lab1:11Middle 50%: 0:58–1:22 · n=842
Geothermal Powerplant3:26Middle 50%: 3:10–3:42 · n=841
Advanced Metal Extractor5:33Middle 50%: 5:17–5:56 · n=840
Advanced Geothermal Powerplant7:06Middle 50%: 6:49–7:33 · n=604
Vehicle Plant7:07Middle 50%: 6:41–7:40 · n=803
Advanced Vehicle Plant8:07Middle 50%: 7:40–8:47 · n=765
Starlight9:02Middle 50%: 8:32–9:52 · n=669

Played most by

0neTw086games of this buildzeus_on_god86games of this buildViltrum54games of this buildDamsko44games of this buildXad42games of this build